Map: Frozen Temple

Players

Miszu

  • Race: Terran Terran
  • League: Grandmaster

llllllllllll - Winner!

  • Race: Protoss Protoss
  • League: Master

VOD

Have the link to the VOD?

Description

Time

  • Played on: May 16, 2016, 3:56 p.m.
  • Length: 7:36
Show
View Real Time Build Order
Export as new Build Order

Miszu Terran 

Build Orders: 1/1/1, Liberator Opening, MMM Bio 

Get SALT Encoding   

  12  0:03  SCV  
  13  0:15  SCV  
  13  0:20  Supply Depot  
  14  0:27  SCV  
  15  0:28  Refinery  
  15  0:41  SCV  
  16  0:48  Barracks  
  16  0:53  SCV  
  17  1:05  SCV  
  18  1:18  SCV  
  19  1:39  Orbital Command  
  20  1:40  Marine  
  20  1:43  Factory  
  20  1:48  Supply Depot  
  20  1:58  Marine  
  21  2:05  SCV  
  22  2:16  Marine  
  22  2:18  SCV  
  24  2:29  Starport, Hellion  
  26  2:31  SCV  
  26  2:33  Marine  
  26  2:36  Supply Depot  
  28  2:43  SCV  
  29  2:50  Hellion, Command Center  
  31  2:57  Marine  
  31  2:58  Refinery  
  33  3:05  SCV  
  33  3:06  Medivac  
  35  3:15  Supply Depot, Marine  
  35  3:16  Factory Tech Lab  
  36  3:28  Liberator  
  38  3:42  Barracks Reactor, SCV  
  38  3:48  Supply Depot  
  40  3:54  Barracks x2  
  40  3:55  SCV  
  41  4:07  Siege Tank  
  44  4:12  SCV  
  44  4:14  Orbital Command  
  40  4:39  Siege Tank  
  40  4:43  Marine  
  40  4:44  Marine, Barracks Tech Lab x2  
  44  4:47  SCV x2  
  46  4:59  SCV x2  
  44  5:02  Stimpack  
  44  5:05  Marine x2  
  44  5:06  Marine  
  44  5:07  Marine  
  47  5:10  Refinery  
  47  5:11  SCV  
  49  5:15  Supply Depot  
  49  5:18  SCV  
  50  5:23  Marine, SCV  
  50  5:24  Combat Shields  
  52  5:29  Starport Reactor  
  52  5:31  Supply Depot, SCV  
  53  5:36  SCV  
  53  5:41  Marine, Marauder  
  57  5:43  SCV  
  57  5:45  Supply Depot  
  57  5:46  Marine  
  57  5:48  Marauder  
  61  5:52  SCV  
  61  5:54  Supply Depot  
  62  5:58  SCV  
  62  6:04  SCV  
  64  6:05  Command Center  
  64  6:09  Factory Reactor  
  64  6:11  SCV  
  64  6:12  Medivac  
  67  6:20  SCV  
  67  6:22  Supply Depot  
  67  6:24  Supply Depot  
  70  6:26  Marauder x2  
  72  6:47  Marine, Marauder  
  72  6:48  Marauder  
  72  6:50  Marine  
  76  7:03  Barracks  
  76  7:05  Marine, Barracks  
  76  7:06  SCV x2  
  81  7:08  Marauder  
  81  7:09  Marauder  
  81  7:10  Refinery  
Show
View Real Time Build Order
Export as new Build Order

llllllllllll Protoss - Winner!

Build Orders: 1 Gate Expand 

Get SALT Encoding   

  12  0:01  Probe (Chrono Boost)  
  13  0:11  Probe (Chrono Boost)  
  14  0:17  Pylon  
  14  0:22  Probe (Chrono Boost)  
  15  0:36  Gateway, Probe (Chrono Boost)  
  15  0:42  Assimilator  
  16  0:46  Probe (Chrono Boost)  
  18  0:57  Probe (Chrono Boost)  
  18  1:07  Probe (Chrono Boost)  
  19  1:18  Nexus  
  19  1:22  Probe (Chrono Boost)  
  20  1:31  Cybernetics Core  
  20  1:34  Probe (Chrono Boost)  
  20  1:39  Assimilator  
  21  1:44  Probe (Chrono Boost)  
  22  1:49  Pylon  
  22  1:55  Probe (Chrono Boost)  
  23  2:02  Warp Gate  
  23  2:08  Mothership Core (Chrono Boost)  
  25  2:09  Adept  
  27  2:26  Probe (Chrono Boost)  
  28  2:30  Probe (Chrono Boost)  
  28  2:35  Robotics Facility  
  28  2:37  Probe (Chrono Boost)  
  30  2:41  Probe (Chrono Boost)  
  31  2:45  Stalker (Chrono Boost)  
  31  2:47  Probe  
  34  2:52  Probe  
  35  2:59  Probe  
  35  3:04  Gateway  
  37  3:06  Probe (Chrono Boost)  
  37  3:10  Gateway  
  37  3:11  Probe (Chrono Boost)  
  38  3:19  Probe (Chrono Boost)  
  39  3:22  Probe (Chrono Boost)  
  40  3:29  Probe (Chrono Boost)  
  40  3:30  Stalker (Chrono Boost)  
  40  3:32  Observer  
  40  3:33  Probe  
  43  3:36  Pylon x2  
  43  3:41  Probe  
  43  3:43  Pylon  
  43  3:45  Probe  
  45  3:50  Pylon  
  45  3:54  Immortal  
  45  3:55  Probe (Chrono Boost)  
  46  4:01  Probe (Chrono Boost)  
  51  4:06  Stalker  
  51  4:07  Probe (Chrono Boost)  
  51  4:09  Stalker  
  56  4:16  Stalker  
  58  4:22  Probe (Chrono Boost)  
  59  4:29  Stalker, Probe (Chrono Boost)  
  62  4:31  Pylon  
  62  4:33  Probe (Chrono Boost)  
  63  4:41  Probe (Chrono Boost)  
  63  4:43  Stalker x2  
  64  4:50  Probe (Chrono Boost)  
  63  4:55  Probe (Chrono Boost)  
  63  4:59  Assimilator  
  64  5:02  Mothership Core (Chrono Boost), Assimilator  
  64  5:06  Nexus  
  66  5:11  Probe (Chrono Boost)  
  67  5:15  Warp Prism  
  67  5:17  Pylon  
  67  5:20  Probe (Chrono Boost)  
  70  5:21  Adept x3  
  70  5:25  Probe (Chrono Boost)  
  77  5:30  Probe (Chrono Boost)  
  79  5:37  Probe (Chrono Boost)  
  79  5:38  Forge  
  79  5:39  Twilight Council  
  79  5:42  Probe (Chrono Boost)  
  80  5:49  Probe (Chrono Boost)  
  81  5:51  Sentry  
  81  5:52  Sentry x2  
  81  5:56  Probe (Chrono Boost)  
  88  6:03  Probe (Chrono Boost)  
  89  6:05  Pylon  
  89  6:07  Probe (Chrono Boost)  
  89  6:09  Immortal  
  94  6:14  Pylon  
  94  6:16  Probe  
  94  6:17  Probe  
  96  6:21  Adept x3  
  100  6:49  Stalker x3  
  100  6:51  Immortal  
  108  6:54  Gateway  
  108  6:55  Gateway  
  108  6:57  Gateway  
  108  7:00  Gateway  
  106  7:02  Gateway  
  106  7:10  Pylon x2  
  106  7:22  Stalker x3  
Tags
 
Add a new tag
Caveats
  • Supply blocks, unpowered buildings, or Contaminate may cause inaccurate times.
  • Supply counts are checked every 10 seconds.